 Dungeon Crawl Stone Soup version 0.29-a0-492-g10b964d8d7 (webtiles) character file.

Game seed: 3973900156482254762

118613 Sosach the Slayer (level 16, -3/174 HPs)
             Began as a Minotaur Berserker on May 27, 2022.
             Was an Elder of Trog.
             Slain by a tyrant leech (46 damage)
             ... on level 3 of the Swamp.
             The game lasted 02:18:19 (32762 turns).

Sosach the Slayer (Minotaur Berserker)             Turns: 32762, Time: 02:18:19

Health: -3/174     AC: 26    Str: 39    XL:     16   Next: 25%
Magic:  0/15       EV:  9    Int:  4    God:    Trog [****..]
Gold:   1849       SH: 18    Dex: 16    Spells: 15/15 levels left

rFire   . . .      SeeInvis .   W - +13 spear "Hemir" {flame, *Noise Fly rPois Str+3}
rCold   . . .      Faith    .   m - +0 kite shield
rNeg    + . .      Spirit   .   T - +3 plate armour {rN+}
rPois   +          Reflect  +   (helmet restricted)
rElec   .          Harm     +   j - scarf {harm}
rCorr   .          Rampage  .   u - +0 pair of gloves
Will    +....                   Y - +2 pair of boots {Stlth+}
Stlth   ..........              q - amulet of reflection
HPRegen 0.39/turn               n - +6 ring of dexterity
MPRegen 0.14/turn               f - +6 ring of strength

@: mighty, on berserk cooldown, flying, slowed, studying 2 skills, very slow
A: horns 2, retaliatory headbutt
a: Renounce Religion, Berserk, Trog's Hand, Brothers in Arms


You were on level 3 of the Swamp.
You worshipped Trog.
Trog was greatly pleased with you.
You visited 4 branches of the dungeon, and saw 26 of its levels.
You also visited: Bailey.

You collected 3955 gold pieces.
You spent 2106 gold pieces at shops.

Inventory:

Hand Weapons
 s - a +9 spear
 W - the +13 spear "Hemir" (weapon) {flame, *Noise Fly rPois Str+3}
   (Trog gifted it to you on level 15 of the Dungeon)

   It burns those it strikes, dealing additional fire damage.
   Str:       It affects your strength (+3).
   rPois:     It protects you from poison.
   Fly:       It grants you flight.
   *Noise:    It may make noises in combat.
Missiles
 w - a throwing net (quivered)
Armour
 j - a scarf of harm (worn)
 m - a +0 kite shield (worn)
 u - a +0 pair of gloves (worn)
 T - a +3 plate armour of positive energy (worn)
 Y - a +2 pair of boots of stealth (worn)
Jewellery
 a - a ring of fire
 f - a +6 ring of strength (right hand)
 n - a +6 ring of dexterity (left hand)
 o - a ring of positive energy
 q - an amulet of reflection (around neck)
 x - the ring "Niludghi" {+Blink Dex+3 SInv}
   (You found it on level 6 of the Lair of Beasts)

   [ring of see invisible]

   Dex:       It affects your dexterity (+3).
   SInv:      It lets you see invisible.
   +Blink:    It lets you blink.
 G - a ring of see invisible
 K - an amulet of regeneration
Wands
 z - a wand of iceblast (22)
 E - a wand of acid (13)
 I - a wand of mindburst (4)
 N - a wand of charming (7)
 O - a wand of flame (14)
 Q - a wand of polymorph (11)
Scrolls
 g - 14 scrolls of teleportation
 k - 5 scrolls of immolation
 l - 5 scrolls of fear
 r - a scroll of blinking
 v - 2 scrolls of magic mapping
 y - 4 scrolls of poison
 C - a scroll of fog
 M - 2 scrolls of silence
 R - 4 scrolls of enchant weapon
 S - 7 scrolls of identify
Potions
 b - 6 potions of might
 c - 4 potions of degeneration
 d - 6 potions of attraction
 e - 8 potions of curing
 h - 9 potions of flight
 i - 3 potions of brilliance
 p - 3 potions of ambrosia
 t - 2 potions of resistance
 B - 3 potions of lignification
 F - 2 potions of cancellation
 P - a potion of invisibility
 Z - a potion of haste
Miscellaneous
 A - a box of beasts


   Skills:
 * Level 24.2 Fighting
 * Level 20.1 Polearms
 - Level 17.1 Armour
 - Level 2.1 Dodging
 * Level 14.3 Shields


You had 15 spell levels left.
You didn't know any spells.
Your spell library was empty.

Dungeon Overview and Level Annotations

Branches:
Dungeon (15/15)            Temple (0/1) D:4            Lair (6/6) D:10
  Swamp (3/4) Lair:4        Snake (0/4) Lair:2        Slime (0/5) Lair:6
    Orc (2/2) D:11            Elf (0/3) Orc:2        Vaults (0/5) D:13
 Depths (0/4) D:15         Bailey (visited)

Altars:
Elyvilon
Fedhas
Trog
The Shining One
Beogh
Jiyva

Shops:
D:1 *   Orc:2 *:?[(

Portals:
Trove: D:12 (give 7 scrolls of fear)

Annotations:
D:15 1 exclusion
Lair:3 exclusion: oklob plant
Lair:4 2 transporters, KateP's ghost, journeyman MiFi
Lair:6 1 runed translucent door
Swamp:3 1 transporter


Innate Abilities, Weirdness & Mutations

You have a pair of horns on your head.
You reflexively headbutt those who attack you in melee.


Message History

You puncture Jiad Xun's ghost! You burn Jiad Xun's ghost.
Jiad Xun's ghost is almost destroyed.
You block the swamp dragon's attack. The swamp dragon claws you.
You block the swamp dragon's attack. You block Jiad Xun's ghost's attack.
You hit Jiad Xun's ghost but do no damage.
You headbutt Jiad Xun's ghost.
You destroy Jiad Xun's ghost!
Trog accepts your kill. You block the tyrant leech's attack.
The tyrant leech bites you!
The tyrant leech draws strength from your injuries!
The tyrant leech bites you!
The tyrant leech draws strength from your injuries!
Okay, then.
You barely miss the swamp dragon. Your headbutt misses the swamp dragon.
The swamp dragon is moderately wounded.
You impale the swamp dragon!! You burn the swamp dragon!
You headbutt the swamp dragon.
You kill the swamp dragon!
Trog accepts your kill.
You closely miss the tyrant leech. You headbutt the tyrant leech!!
The tyrant leech is moderately wounded.
The tyrant leech bites you but does no damage.
The tyrant leech bites you!!
The tyrant leech draws strength from your injuries!
You closely miss the tyrant leech. You headbutt the tyrant leech!
The tyrant leech is moderately wounded.
You are no longer berserk.
You are exhausted.
You feel yourself slow down. You block the tyrant leech's attack.
The bunyip gives a hideous shriek!
You impale the tyrant leech!! You burn the tyrant leech.
The tyrant leech is almost dead.
You block the tyrant leech's attack. The tyrant leech bites you!!
* * * LOW HITPOINT WARNING * * *
The tyrant leech draws strength from your injuries!
Okay, then.
You feel better. You block the tyrant leech's attack. x2
The moth of wrath goads the tyrant leech on!
The tyrant leech goes berserk!
The tyrant leech bites you!!!
You die...

♣♣♣.≈§....♣♣♣♣♣ ♣>..≈≈≈≈≈≈
♣♣.♣.≈.........♣♣♣.≈≈≈≈≈≈.≈
♣.♣........#####...♣.≈≈§.≈≈.≈
♣≈.≈♣...≈.###...###...≈≈♣....≈
♣...♣.....#©......##.≈≈.≈..♣..
♣♣...≈♣.§≈.#...#.#..#..≈.≈..♣♣≈
♣♣.≈§≈.≈.≈..#..y#.#..#..≈≈≈≈≈≈♣.
♣≈≈≈.≈≈....##.#ww..?##†..≈≈.≈≈♣.
♣.≈≈......#.#.@.#.!#..≈.≈≈≈♣≈♣.
♣..≈†≈≈..#..w#©.=!#©....♣≈≈≈♣≈
♣♣.≈.≈≈≈..##...†.#!#..≈♣.≈≈...≈
♣...≈.≈...©#.#w..#:##.♣♣.≈.≈.≈.
♣♣..≈≈....##..##.#) #.♣♣.≈≈.≈<.
♣♣...≈...≈.#...#...#.#.♣..≈....≈
♣..........##..D.#..##..≈≈..♣♣..
♣≈.)≈.≈.≈♣..##.w....#..≈≈..♣♣♣♣.
♣..≈...≈≈.≈..#####.##...≈♣.♣ ♣♣


You could see 3 tyrant leeches and a moth of wrath.

Vanquished Creatures
  Jorgrun (D:13)
  The ghost of Jiad Xun the Warrior, an adept MiBe of Trog (Swamp:3)
  A thorn hunter (Swamp:3)
  A fire giant (D:15)
  2 orc warlords
  The ghost of Hoxeuzibo the Frost Mage, a journeyman BaIE of Fedhas (Lair:6)
  Nessos (Orc:2)
  2 eleionomae
  2 bunyips (Swamp:3)
  Azrael (D:15)
  The ghost of Igiocze the Covert, a journeyman SpEn of Gozag (Lair:6)
  A shambling mangrove (Swamp:1)
  4 boulder beetles
  9 hydras
  3 ghost crabs
  4 catoblepae
  8 two-headed ogres
  A merfolk avatar (Lair:6)
  2 centaur warriors (D:14)
  4 death yaks (Lair:6)
  4 alligators
  A tengu warrior (D:15)
  An orc high priest (Orc:2)
  7 skeletal warriors (D:15)
  An iron troll (D:13)
  4 goliath frogs
  2 sea snakes (Lair:6)
  2 spriggan druids
  4 swamp dragons
  5 bog bodies
  A deep elf pyromancer (D:15)
  3 orc knights
  2 lindwurms
  4 harpies (Lair:6)
  2 manticores
  9 cyclopes
  2 orc sorcerers (Orc:2)
  17 ugly things
  5 will-o-the-wisps
  15 elephants
  4 black mambas
  A gargoyle (D:11)
  9 cane toads
  2 unseen horrors
  8 rime drakes
  8 komodo dragons
  A freezing wraith (D:15)
  A tengu conjurer (D:15)
  7 trolls
  A bloated husk (Swamp:2)
  11 polar bears
  A wind drake (Lair:6)
  2 guardian mummies (D:12)
  8 slime creatures
  10 tyrant leeches
  13 blink frogs
  6 hornets
  Prince Ribbit (D:6)
  4 dream sheep (Lair:1)
  A snapping turtle (Lair:6)
  A vampire (D:11)
  A spriggan (Swamp:1)
  2 centaur simulacra (D:14)
  2 shadows
  3 wyverns
  21 yaks
  5 wraiths
  3 fire elementals (D:15)
  5 basilisks
  5 steam dragons
  20 vampire mosquitoes
  11 swamp worms
  2 wargs (Orc:2)
  Menkaure (D:7)
  2 acid dragons (D:10)
  4 nagas (Lair:2)
  2 hell hounds (D:15)
  17 water moccasins
  41 orc warriors
  2 sky beasts
  3 black bears
  3 swamp drakes
  8 centaurs
  12 wolves
  8 ogres
  2 phantoms
  2 kobold brigands
  A scorpion (D:10)
  20 bullfrogs
  7 wights
  A killer bee (D:10)
  5 howler monkeys
  4 jellies
  16 orc priests
  3 hounds (D:5)
  6 iguanas
  23 orc wizards
  6 gnolls (D:3)
  11 adders
  A shadow imp (D:6)
  5 worms
  2 dart slugs
  81 orcs
  8 endoplasms
  11 goblins
  5 hobgoblins
  8 jackals
  A quokka (D:3)
  7 ball pythons
  6 bats
  11 frilled lizards
  13 kobolds
  3 rats
  2 briar patches (Swamp:3)
695 creatures vanquished.

Vanquished Creatures (collateral kills)
  A manticore (Lair:6)
1 creature vanquished.

Vanquished Creatures (others)
  A briar patch (Swamp:3)
  24 foxfires
  32 fungi
  81 plants
138 creatures vanquished.

Grand Total: 834 creatures vanquished

Notes
Turn   | Place    | Note
-------+----------+-------------------------------------------
     0 | D:1      | Sosach the Minotaur Berserker began the quest for the Orb.
     0 | D:1      | Reached XP level 1. HP: 19/19 MP: 0/0
   243 | D:1      | Found a faded altar of an unknown god.
   245 | D:1      | Reached skill level 4 in Fighting
   245 | D:1      | Reached XP level 2. HP: 27/27 MP: 1/1
   346 | D:1      | Found Ozetha's General Store.
   831 | D:2      | You fall into a shaft and drop 1 floor!
   832 | D:3      | Noticed a black bear
   871 | D:2      | Reached XP level 3. HP: 17/34 MP: 2/2
  1397 | D:2      | Reached ** piety under Trog
  1612 | D:2      | Reached skill level 5 in Polearms
  1616 | D:2      | Reached XP level 4. HP: 31/41 MP: 3/3
  2152 | D:3      | Killed a black bear
  2153 | D:3      | Reached skill level 5 in Fighting
  2153 | D:3      | Reached XP level 5. HP: 48/48 MP: 4/4
  2198 | D:3      | Reached XP level 6. HP: 27/57 MP: 5/5
  3236 | D:4      | Found a staircase to the Ecumenical Temple.
  3336 | D:4      | Reached *** piety under Trog
  3463 | D:4      | Reached skill level 6 in Fighting
  3711 | D:5      | Entered Level 5 of the Dungeon
  3833 | D:5      | Reached XP level 7. HP: 56/63 MP: 6/6
  4129 | D:5      | Noticed a steam dragon
  4138 | D:5      | Killed a steam dragon
  4139 | D:5      | Reached skill level 7 in Fighting
  4165 | D:5      | Reached skill level 10 in Polearms
  4165 | D:5      | Reached XP level 8. HP: 39/73 MP: 7/7
  4422 | D:5      | Identified the +5 hand crossbow of Musoch {flame, Int+4}
  5835 | D:6      | Noticed Prince Ribbit
  5863 | D:6      | Killed Prince Ribbit
  5863 | D:6      | Reached **** piety under Trog
  5864 | D:6      | Reached skill level 8 in Fighting
  6009 | D:6      | Noticed a two-headed ogre
  6015 | D:6      | Killed a two-headed ogre
  6016 | D:6      | Reached XP level 9. HP: 81/81 MP: 8/8
  6440 | D:7      | Noticed a two-headed ogre
  6448 | D:7      | Killed a two-headed ogre
  6450 | D:7      | Noticed a troll
  6466 | D:7      | Killed a troll
  6467 | D:7      | Reached skill level 9 in Fighting
  6529 | D:7      | Reached skill level 5 in Armour
  7003 | D:7      | Reached XP level 10. HP: 82/91 MP: 9/9
  7209 | D:7      | Noticed Menkaure
  7213 | D:7      | Killed Menkaure
  7761 | D:8      | Found a flagged portal.
  7827 | Bailey   | Entered a bailey
  7873 | Bailey   | Reached skill level 10 in Fighting
  8521 | Bailey   | Noticed an orc knight
  8534 | Bailey   | Killed an orc knight
  8543 | Bailey   | Reached skill level 11 in Fighting
  9651 | D:9      | Reached skill level 12 in Fighting
  9675 | D:9      | Reached skill level 10 in Armour
  9966 | D:9      | Noticed a cyan ugly thing
  9975 | D:9      | Killed a cyan ugly thing
  9976 | D:9      | Reached XP level 11. HP: 105/105 MP: 10/10
 10236 | D:10     | Entered Level 10 of the Dungeon
 10252 | D:10     | Found a staircase to the Lair.
 10272 | D:10     | Reached skill level 13 in Fighting
 10699 | D:10     | Found a white marble altar of Elyvilon.
 11097 | D:10     | Noticed a brown ugly thing
 11102 | D:10     | Killed a brown ugly thing
 11103 | D:10     | Reached skill level 14 in Fighting
 11103 | D:10     | Noticed a two-headed ogre
 11110 | D:10     | Killed a two-headed ogre
 11265 | D:10     | Reached skill level 15 in Fighting
 11573 | D:10     | Noticed a two-headed ogre
 11573 | D:10     | Noticed a two-headed ogre
 11594 | D:10     | Killed a two-headed ogre
 11595 | D:10     | Reached skill level 16 in Fighting
 11597 | D:10     | Killed a two-headed ogre
 11830 | Lair:1   | Entered Level 1 of the Lair of Beasts
 11935 | Lair:1   | Reached XP level 12. HP: 122/122 MP: 11/11
 11944 | Lair:1   | Reached skill level 15 in Polearms
 12762 | Lair:2   | Noticed a catoblepas
 12783 | Lair:2   | Killed a catoblepas
 12968 | Lair:2   | Found a staircase to the Snake Pit.
 13924 | Lair:3   | Reached skill level 15 in Armour
 14192 | Lair:3   | Reached ***** piety under Trog
 14397 | Lair:3   | Found a blossoming altar of Fedhas.
 15068 | Lair:4   | Noticed an eight-headed hydra
 15077 | Lair:4   | Killed an eight-headed hydra
 15225 | Lair:4   | Found a transporter.
 15234 | Lair:4   | Found a transporter.
 15466 | Lair:4   | Reached XP level 13. HP: 128/128 MP: 12/12
 15478 | Lair:4   | Noticed KateP's ghost (journeyman MiFi)
 15499 | Lair:4   | Found a bloodstained altar of Trog.
 15626 | Lair:4   | Found a staircase to the Swamp.
 15747 | Lair:4   | Identified a scroll of acquirement
 15747 | Lair:4   | Acquired 640 gold pieces
 16019 | D:1      | Bought a scroll of blinking for 97 gold pieces
 16019 | D:1      | Bought a potion of resistance for 130 gold pieces
 16019 | D:1      | Bought a scroll of poison for 45 gold pieces
 16019 | D:1      | Bought a scroll of teleportation for 39 gold pieces
 17481 | Lair:6   | Entered Level 6 of the Lair of Beasts
 17516 | Lair:6   | Found a runed translucent gate.
 17516 | Lair:6   | Found a runed translucent gate.
 17516 | Lair:6   | Found a runed translucent gate.
 17537 | Lair:6   | Noticed Igiocze's ghost (journeyman SpEn)
 17537 | Lair:6   | Noticed Hoxeuzibo's ghost (journeyman BaIE)
 17930 | Lair:6   | Reached skill level 17 in Fighting
 18273 | Lair:6   | Reached skill level 18 in Fighting
 18617 | Lair:6   | Identified the ring "Niludghi" {+Blink Dex+3 SInv}
 18795 | Lair:6   | Reached skill level 19 in Fighting
 18999 | Lair:6   | Reached XP level 14. HP: 136/146 MP: 13/13
 19559 | Lair:6   | Found a runed translucent door.
 19559 | Lair:6   | Found a viscous altar of Jiyva.
 19563 | Lair:6   | Noticed an azure jelly
 19564 | Lair:6   | Noticed an azure jelly
 19577 | Lair:6   | Found a staircase to the Slime Pits.
 19822 | Lair:6   | Reached skill level 20 in Fighting
 20083 | Lair:6   | Killed Igiocze's ghost
 20093 | Lair:6   | Killed Hoxeuzibo's ghost
 20575 | D:11     | Found a staircase to the Orcish Mines.
 20583 | D:11     | Received a gift from Trog
 21764 | D:12     | Found a frozen archway.
 21911 | D:12     | Found a portal to a secret trove of treasure.
 22541 | D:12     | Reached skill level 21 in Fighting
 22670 | Orc:1    | Entered Level 1 of the Orcish Mines
 22723 | Orc:2    | Entered Level 2 of the Orcish Mines
 22771 | Orc:2    | Noticed Nessos
 22783 | Orc:2    | Killed Nessos
 22826 | Orc:2    | Noticed an orc warlord
 23612 | Orc:1    | Killed an orc warlord
 23742 | Orc:2    | Reached skill level 22 in Fighting
 23885 | Orc:2    | Found Guoptiggie's Magic Scroll Shoppe.
 23951 | Orc:2    | Bought a scroll of acquirement for 572 gold pieces
 23951 | Orc:2    | Acquired 931 gold pieces
 23978 | Orc:2    | Noticed an orc warlord
 23990 | Orc:2    | Killed an orc warlord
 24188 | Orc:2    | Found a staircase to the Elven Halls.
 24249 | Orc:2    | Found Mumupusamo's General Store.
 24411 | Orc:2    | Found Liumetig's Book Emporium.
 24521 | Orc:2    | Bought a scroll of identify for 26 gold pieces
 24521 | Orc:2    | Bought a scroll of fear for 45 gold pieces
 24521 | Orc:2    | Bought a +0 kite shield for 58 gold pieces
 24583 | Orc:2    | Found Gaomogon's Antique Weapon Shop.
 24584 | Orc:2    | Found Esilalo's Antique Armour Boutique.
 24593 | Orc:2    | Bought a glowing spear for 210 gold pieces
 24599 | Orc:2    | Bought a runed plate armour for 884 gold pieces
 25214 | D:13     | Reached skill level 1 in Shields
 26035 | D:13     | Reached XP level 15. HP: 76/162 MP: 14/14
 26041 | D:13     | Reached skill level 23 in Fighting
 26457 | D:13     | Found a gate to the Vaults.
 26500 | D:13     | Noticed Jorgrun
 26523 | D:13     | Killed Jorgrun
 28040 | D:14     | Found a glowing golden altar of the Shining One.
 28207 | D:15     | Entered Level 15 of the Dungeon
 28215 | D:15     | Found a staircase to the Depths.
 28215 | D:15     | Noticed a fire giant
 28237 | D:15     | Reached skill level 5 in Shields
 28492 | D:15     | Noticed Azrael
 28500 | D:15     | Reached skill level 24 in Fighting
 28518 | D:15     | Identified the +13 spear "Hemir" {flame, *Noise Fly rPois
                  | Str+3} (Trog gifted it to you on level 15 of the Dungeon)
 28518 | D:15     | Received a gift from Trog
 28521 | D:15     | Killed Azrael
 29074 | D:15     | Killed a fire giant
 29767 | Swamp:1  | Entered Level 1 of the Swamp
 29871 | Swamp:1  | Reached skill level 10 in Shields
 31565 | Swamp:2  | Reached XP level 16. HP: 169/169 MP: 15/15
 31925 | Swamp:3  | Noticed a thorn hunter
 31942 | Swamp:3  | Killed a thorn hunter
 32287 | Swamp:3  | Found a transporter.
 32393 | Swamp:3  | Noticed Jiad Xun's ghost (adept MiBe)
 32635 | Swamp:3  | Identified the +7 quarterstaff "Kela" {vorpal, *Slow rF+
                  | rN++ Stlth+}
 32656 | Swamp:3  | Found a transporter.
 32756 | Swamp:3  | Killed Jiad Xun's ghost
 32762 | Swamp:3  | Slain by a tyrant leech

Illustrated notes

Levels and vault maps discovered:
D:1:      dpeg_arrival_round_a, layout_basic,
          hellmonk_ecumenical_altar_arch_garden, serial_shops,
          nicolae_shop_temple_entry_statues_fountains, grunt_decor_cap,
          minmay_misc_feat_tower
D:2:      layout_basic, nicolae_concentric_dashed_squares_mild
D:3:      layout_rooms
D:4:      layout_rooms, minmay_temple_entry_hall
D:5:      layout_rooms, minmay_a_box_with_orc_wizards_in_it
D:6:      layout_gridville, minmay_three_doors, uniq_prince_ribbit1
D:7:      layout_basic, kb_rosetta, uniq_menkaure
D:8:      layout_gridville, enter_bailey_3
D:9:      layout_cave_pools
D:10:     minmay_opposing_rooms, layout_basic, elyvilon_altar_3,
          due_lair_maze_entry_diamond
D:11:     layout_loops_ring, david_orc_2
D:12:     layout_basic, nicolae_trove_entry_path_of_doom,
          portal_ice_cave_entry_animals_and_master
D:13:     layout_basic, david_vaults_4, uniq_jorgrun
D:14:     layout_rooms, minmay_misc_feat_alley, nicolae_tso_swordbearing_angel
D:15:     grunt_enter_depths_giant_problem, layout_loops_ring,
          grunt_decor_mini_mirrors, uniq_azrael
Lair:1:   layout_hall_layers
Lair:2:   layout_small_grid, guppyfry_snake_entry_garden, gauntlet_entry_generic
Lair:3:   layout_cave_shapes, tgw_fedhas, lemuel_fruit_tree
Lair:4:   layout_long_grid, swamp_mist_pool, gammafunk_ghost_wrathful_warriors,
          serial_rivers, chequers_serial_rivers_room_a,
          chequers_serial_rivers_room_a, chequers_serial_rivers_large_b,
          chequers_serial_rivers_marsh
Lair:5:   layout_cave_pods
Lair:6:   gammafunk_lair_ancient_temple, layout_gridlike, slime_altar_2,
          gammafunk_ghost_cemetery, wad_woods_03
Swamp:1:  layout_basic_swamp, serial_swamp_ruin, evilmike_swamp_ruin_rubble_1,
          evilmike_swamp_ruin_house_3, nicolae_swamp_stuck_in_the_mud
Swamp:2:  layout_basic_swamp, hangedman_swamp_ruin_wall
Swamp:3:  layout_falls_marsh, gammafunk_ghost_berserking_beasts,
          evilmike_swamp_ruin_house_4
Orc:1:    layout_diamond_mine
Orc:2:    grunt_orc_community_town_hall, layout_caves,
          grunt_orc_community_big_house_2, grunt_orc_community_big_house_2,
          grunt_orc_community_house_3, grunt_orc_community_house_1,
          grunt_orc_community_house_2, grunt_orc_community_house_3,
          grunt_orc_community_house_3, serial_shops, shop, uniq_nessos

Skill      XL: |  1  2  3  4  5  6  7  8  9 10 11 12 13 14 15 16 |
---------------+-------------------------------------------------+-----
Polearms       | 4 5 6 8 10 12 14 17 19 20 | 20.1
Fighting       | 4 5 6 7 8 9 12 16 19 22 24 | 24.2
Armour         | 6 10 13 15 16 17 | 17.1
Shields        | 2 12 14 | 14.3
Dodging        | |  2.1

Action                   |  1- 3 |  4- 6 |  7- 9 | 10-12 | 13-15 | 16-18 || total
-------------------------+-------+-------+-------+-------+-------+-------++-------
Melee: Spear             |   102 |   147 |   236 |   594 |  1370 |    93 ||  2542
       Headbutt          |    15 |    23 |    45 |    90 |   262 |    25 ||   460
       Punch             |       |       |     4 |     6 |    11 |       ||    21
Throw: Throwing net      |       |       |     1 |       |       |       ||     1
Invok: Berserk           |       |     2 |     5 |    11 |    18 |     4 ||    40
       Trog's Hand       |       |     1 |     2 |     6 |    23 |     6 ||    38
       Brothers in Arms  |       |       |       |       |     1 |       ||     1
Evoke: Wand              |       |       |     1 |       |       |       ||     1
       Box of beasts     |       |       |       |       |     1 |       ||     1
  Use: Scroll            |     4 |     5 |     9 |    16 |    10 |       ||    44
       Potion            |       |       |       |       |    19 |     2 ||    21
 Stab: Held in net/web   |       |       |     1 |       |       |       ||     1
       Distracted        |       |       |       |       |     1 |       ||     1
Armor: Animal skin       |     2 |       |       |       |       |       ||     2
       Ring mail         |    24 |    29 |       |       |       |       ||    53
       Plate armour      |       |    15 |    65 |   152 |   372 |    37 ||   641
Dodge: Dodged            |    48 |    48 |    30 |   102 |   226 |    16 ||   470
Block: Other             |       |       |     7 |    43 |    75 |       ||   125
       Reflection        |       |       |       |     8 |    15 |     2 ||    25
       Kite shield       |       |       |       |       |   213 |    70 ||   283

Table legend: (Time is in decaauts)
 A = Elapsed time spent in this place.
 B = Non-inter-level travel time spent in this place.
 C = Inter-level travel time spent in this place.
 D = Time resting spent in this place.
 E = Time spent auto-exploring this place.
 F = Levels seen in this place.
 G = Mean time per level.
                   A        B        C        D        E       F      G
               +--------+--------+--------+--------+--------+-----+--------+
         Total |  32083 |  28966 |   3117 |  12200 |  12986 |  27 | 1188.3 |
       Dungeon |  18512 |  16396 |   2116 |   6895 |   7562 |  15 | 1234.1 |
          Lair |   8037 |   7320 |    717 |   2851 |   3620 |   6 | 1339.5 |
         Swamp |   2955 |   2902 |     53 |   1637 |    843 |   3 |  985.0 |
  Orcish Mines |   1746 |   1517 |    229 |    394 |    747 |   2 |  873.0 |
        Bailey |    831 |    831 |      0 |    422 |    213 |   1 |  831.0 |
               +--------+--------+--------+--------+--------+-----+--------+

Top non-repeatable levels by time:
  Lair:6: 2659 daAuts
    D:13: 2200 daAuts
    D:11: 1733 daAuts
    D:10: 1650 daAuts
     D:7: 1418 daAuts
  Lair:2: 1390 daAuts
    D:15: 1325 daAuts
     D:5: 1305 daAuts
   Orc:2: 1300 daAuts
     D:2: 1249 daAuts
 Swamp:2: 1236 daAuts
  Lair:4: 1231 daAuts
     D:6: 1215 daAuts
     D:3: 1066 daAuts
     D:9: 1056 daAuts
